 Dungeon Crawl Stone Soup version 0.30-a0-728-gc68057be0a (webtiles) character file.

Game seed: 590319141499435177

118 Dittersdorf the Covered (level 5, -4/33 HPs)
             Began as a Gargoyle Fighter on Jan 30, 2023.
             Slain by Crazy Yiuf
             ... wielding a +3 quarterstaff of chaos
              (5 damage)
             ... on level 2 of the Dungeon.
             The game lasted 00:01:35 (1787 turns).

Dittersdorf the Covered (Gargoyle Fighter)          Turns: 1787, Time: 00:01:35

Health: -4/33      AC: 12    Str: 21    XL:     5   Next: 2%
Magic:  14/14      EV:  9    Int:  9    God:
Gold:   112        SH:  4    Dex:  9    Spells: 4/4 levels left

rFire   . . .      SeeInvis .    a - +0 flail
rCold   . . .      Faith    .    c - +0 buckler
rNeg    + . .      Spirit   .    k - +1 scale mail {rPois}
rPois   ∞          Reflect  .    (no helmet)
rElec   +          Harm     .    g - scarf {+Inv}
rCorr   .          Rampage  .    (no gloves)
Will    .....                    (no boots) Stlth
                                 (no amulet)
HPRegen 0.25/turn                b - ring of magical power
MPRegen 0.14/turn                (no ring)

@: slowed, very slow
A: sickness immunity, AC +4, negative energy resistance 1, electricity
resistance, torment resistance 1, petrification resistance
a: Evoke Invisibility


You were on level 2 of the Dungeon.
You visited 1 branch of the dungeon, and saw 2 of its levels.

You collected 112 gold pieces.

Inventory:

Hand Weapons
 a - a +0 flail (weapon)
Armour
 c - a +0 buckler (worn)
 g - a scarf of invisibility (worn)
 k - a +1 scale mail of poison resistance (worn)
Jewellery
 b - a ring of magical power (left hand)
Scrolls
 f - a scroll of enchant armour {unknown}
 i - a scroll of identify {unknown}
 m - a scroll of poison {unknown}
 n - a scroll of fear {unknown}
Potions
 d - 2 potions of might
 e - 2 potions of curing
 j - a potion of flight {unknown}
 l - a potion of lignification {unknown}


   Skills:
 + Level 4.1 Fighting
 + Level 3.0 Maces & Flails
 + Level 4.2 Armour
 + Level 4.1 Shields


You had 4 spell levels left.
You didn't know any spells.
Your spell library contained the following spells:

 Spells                   Type           Power      Damage    Failure   Level
 Freeze                   Ice            0%         1d3       80%         1
 Frozen Ramparts          Ice            0%         1d1       99%         3
 Hailstorm                Conj/Ice       0%         3d3       99%         3
 Animate Dead             Necr           0%         N/A       100%        4
 Borgnjor's Vile Clutch   Necr/Erth      0%         N/A       100%        5
 Death Channel            Necr           0%         N/A       100%        6


Dungeon Overview and Level Annotations

Branches:
Dungeon (2/15)

Altars:
The Shining One

Shops:
D:2 (

Annotations:
D:2 Crazy Yiuf


Innate Abilities, Weirdness & Mutations

You are immune to sickness and miasma.
Your stone body is resilient. (AC +4)
You are immune to poison.
You resist negative energy. (rN+)
You are resistant to electric shocks. (rElec)
You are resistant to unholy torment.
You are immune to petrification.


Message History

You thump Natasha!
Natasha is heavily wounded.
Natasha casts a spell at you. The magic dart hits you.
Natasha completely misses you.
You sock Natasha!
You kill Natasha!
Natasha yowls pathetically as she dies!
Your Maces & Flails skill increases to level 3!
You have reached level 5!
Crazy Yiuf laughs, "Ghoul ladder pontify!"
No reachable target in view!
No reachable target in view!
You open the door.
Crazy Yiuf grits, "Shadow eyeball turtle!"
Throw: 2 darts (poison)
Press: ? - help, Q - select action, (/) - cycle Shift-Dir - straight line, f - Crazy Yiuf
Aim: Crazy Yiuf, wielding a +3 quarterstaff of chaos and wearing a +0 cloak (60% to hit)
You throw a poisoned dart. The poisoned dart hits Crazy Yiuf.
Crazy Yiuf hits you with a +3 quarterstaff of chaos!
Space warps around you.
Throw: dart (poison)
Press: ? - help, Q - select action, (/) - cycle Shift-Dir - straight line, f/p - Crazy Yiuf
Aim: Crazy Yiuf, wielding a +3 quarterstaff of chaos and wearing a +0 cloak (60% to hit)
You throw a poisoned dart. The poisoned dart hits Crazy Yiuf.
Crazy Yiuf is poisoned.
Crazy Yiuf hits you with a +3 quarterstaff of chaos.
You feel yourself slow down.
You hit Crazy Yiuf.
Crazy Yiuf is lightly wounded.
Crazy Yiuf hits you with a +3 quarterstaff of chaos!
* * * LOW HITPOINT WARNING * * *
Crazy Yiuf freezes you.
* * * LOW HITPOINT WARNING * * *
Crazy Yiuf whimpers, "Hah tortoise Orb Guardian!"
Crazy Yiuf hits you with a +3 quarterstaff of chaos.
* * * LOW HITPOINT WARNING * * *
You sock Crazy Yiuf!
Crazy Yiuf is severely wounded.
Crazy Yiuf hits you with a +3 quarterstaff of chaos.
You die...

........................#........
...........###########..#........
.#......#### #.....##....
.#.........# ##### #)....##....
........#..# #..)# #.....######
.#...#.##..# #...# #......##...
.#>....†...# ... #......##...
.#.#.####..# #g# #...)..##...
.......##..# ##@# #......##...
#.....|....# #.## #<..........
.......##.## ##.# #........###
#......##..# #.## #.####.....#
#......##..# ##.## #...........
.......##..# #...## #......._...
.......##..# #....# #...........
....####...# #....# #..........#
....# #...###....####...........


You could see Crazy Yiuf (poisoned).

Vanquished Creatures
  Terence (D:2)
  Natasha (twice) (D:2)
  2 worms (D:2)
  A dart slug (D:1)
  A bat (D:1)
  An endoplasm (D:2)
  2 giant cockroaches
  6 goblins (D:1)
  4 hobgoblins
  4 quokkas
  5 ball pythons
  5 kobolds
  3 rats (D:1)
37 creatures vanquished.

Notes
Turn   | Place    | Note
-------+----------+-------------------------------------------
     0 | D:1      | Dittersdorf the Gargoyle Fighter began the quest for the
                  | Orb.
     0 | D:1      | Reached XP level 1. HP: 14/14 MP: 1/1
   121 | D:1      | You fall into a shaft and drop 1 floor!
   122 | D:2      | yay!
   140 | D:1      | Reached XP level 2. HP: 18/19 MP: 2/2
   495 | D:1      | Reached XP level 3. HP: 22/23 MP: 3/3
   768 | D:2      | Found a glowing golden altar of the Shining One.
   827 | D:2      | Noticed Terence
   828 | D:2      | Noticed Natasha
   842 | D:2      | Killed Natasha
   850 | D:2      | Killed Terence
   851 | D:2      | Reached XP level 4. HP: 17/29 MP: 4/4
  1074 | D:2      | Noticed Natasha
  1076 | D:2      | Found Voaxkulo's Weapon Shop.
  1362 | D:2      | Found a runed translucent door.
  1363 | D:2      | Noticed Crazy Yiuf
  1661 | D:2      | Found a faded altar of an unknown god.
  1681 | D:2      | Killed Natasha
  1682 | D:2      | Reached XP level 5. HP: 25/33 MP: 5/5
  1786 | D:2      | HP: 1/33 [Crazy Yiuf/+3 quarterstaff of chaos (4)]
  1787 | D:2      | Slain by Crazy Yiuf

Illustrated notes

.##+### .......
. .....#####
..........#
##.#......#
#.........#
#.....@...#
...............
......#####.#.#
....## # ... ..
.


Turn 122 on D:2: yay!

Levels and vault maps discovered:
D:1:      dpeg_arrival_short_road, layout_loops_ring
D:2:      layout_basic, hellmonk_ecumenical_altar_inner_sanctum, serial_shops,
          nicolae_shop_bloodbath_and_beyond, basic_altar, minmay_cupped,
          uniq_terence, uniq_crazy_yiuf_cottage, uniq_natasha

Skill      XL: |  1  2  3  4 |
---------------+-------------+-----
Fighting       | 4 |  4.1
Armour         | 4 |  4.2
Shields        | 4 |  4.1
Maces & Flails | 3 |  3.0

Action                     |  1- 3 |  4- 6 || total
---------------------------+-------+-------++-------
  Melee: Flail             |    88 |    45 ||   133
  Throw: Dart              |       |     2 ||     2
 Armour: Scale mail        |    50 |    19 ||    69
  Dodge: Dodged            |    49 |    25 ||    74
  Block: Buckler           |    15 |     9 ||    24

Table legend: (Time is in decaauts)
 A = Elapsed time spent in this place.
 B = Non-inter-level travel time spent in this place.
 C = Inter-level travel time spent in this place.
 D = Time resting spent in this place.
 E = Time spent auto-exploring this place.
 F = Levels seen in this place.
 G = Mean time per level.
                   A        B        C        D        E       F      G
               +--------+--------+--------+--------+--------+-----+--------+
         Total |   1834 |   1782 |     52 |      0 |   1450 |   2 |  917.0 |
       Dungeon |   1834 |   1782 |     52 |      0 |   1450 |   2 |  917.0 |
               +--------+--------+--------+--------+--------+-----+--------+

Top non-repeatable levels by time:
     D:2: 1061 daAuts
     D:1: 773 daAuts
